 Dungeon Crawl Stone Soup version 0.20-a0-472-g5c05303 (webtiles) character file.

189 wazuzu the Cudgeler (level 5, -4/41 HPs)
             Began as a Demonspawn Monk on Jan 14, 2017.
             Killed from afar by an orc wizard (5 damage)
             ... with a magic dart
             ... on level 3 of the Dungeon.
             The game lasted 00:06:20 (2266 turns).

wazuzu the Cudgeler (Demonspawn Monk)               Turns: 2266, Time: 00:06:20

Health: -4/41      AC:  7    Str: 13    XL:     5   Next: 40%
Magic:  14/14      EV: 11    Int: 11    God:
Gold:   172        SH:  0    Dex: 15    Spells: 4/4 levels left

rFire  . . .     SeeInvis .     a - +0 mace
rCold  + . .     Gourm    .     j - +2 ring mail {rC+}
rNeg   . . .     Faith    .     (no shield)
rPois  .         Spirit   .     (no helmet)
rElec  .         Reflect  .     (no cloak)
rCorr  .         Harm     .     (no gloves)
MR     .....                    (no boots)
Stlth  +.........               (no amulet)
                                (no ring)
                                q - ring of magical power

@: lethally poisoned (-4 -> -7)
A: talons 1, powered by death 1, rot immunity
a: no special abilities


You were on level 3 of the Dungeon.
You were not hungry.

You visited 1 branch of the dungeon, and saw 3 of its levels.

You collected 172 gold pieces.

Inventory:

Hand Weapons
 a - a +0 mace (weapon)
Armour
 j - a +2 ring mail of cold resistance (worn)
Jewellery
 q - a ring of magical power (left hand)
Wands
 s - a wand of flame (36/48)
Scrolls
 e - a scroll of remove curse {unknown}
 g - a scroll of identify {unknown}
 k - a scroll of blinking {unknown}
 n - 3 scrolls of fear {unknown}
 o - a scroll of teleportation {unknown}
 t - a scroll of immolation {unknown}
 w - a scroll of enchant armour {unknown}
Potions
 d - 4 potions of haste
 h - a potion of magic {unknown}
 i - a potion of invisibility {unknown}
 l - a potion of degeneration {unknown}
 m - a potion of curing
 p - a potion of heal wounds {unknown}
 u - a potion of brilliance {unknown}
 v - a potion of berserk rage {unknown}
Comestibles
 b - a fruit
 c - 2 bread rations
 f - a meat ration
 r - a beef jerky
 x - 5 chunks of flesh


   Skills:
 - Level 3.0 Fighting
 - Level 4.7 Maces & Flails
 - Level 2.6 Dodging
 - Level 1.7 Stealth
 + Level 2.7 Unarmed Combat


You had 4 spell levels left.
You didn't know any spells.

Dungeon Overview and Level Annotations

Branches:
Dungeon (3/15)

Altars:


Innate Abilities, Weirdness & Mutations

You have sharp toenails.
You regenerate a little health from kills.
You are immune to rotting.


Message History

The adder poisons you!
The orc wizard points at you and mumbles some strange words.
The magic dart hits you!
* * * LOW HITPOINT WARNING * * *
A goblin comes into view. It is wielding a dagger.
You miss the adder.
The goblin shouts!
Your kick misses the adder.
* * * LOW HITPOINT WARNING * * *
You feel sick.
You hear a shout! x3
The adder bites you but does no damage. The adder closely misses you.
The orc wizard mumbles some strange words.
The orc wizard blinks!
You miss the adder.
* * * LOW HITPOINT WARNING * * *
You feel sick. The adder barely misses you. The goblin closely misses you.
The orc wizard gestures at you while chanting.
The magic dart hits you!
You die...

#..#######......#
#.....#..g.......
#.###.g.####..#$#
### ##..# ##..#.#
#.## #...#.# #.#
#.#...#
####..####...#
#....###.....#######
#.S@§............
#....g.#.o##...####
#.......#)###....#
........#[# ##.#.#
...######.# #.#.# ##
#.# #...### ##.#
##....###.. ###..#
#.†..<.... #...##
#.)..##..#


You could see an orc wizard, an adder and a goblin.

Vanquished Creatures
  A hound (D:3)
  Jessica (D:3)
  Terence (D:3)
  3 gnolls (D:3)
  An ooze (D:3)
  2 worms
  3 dart slugs
  A leopard gecko (D:3)
  An orc (D:3)
  9 bats
  2 giant cockroaches
  5 goblins
  12 hobgoblins
  10 jackals
  2 ball pythons
  4 frilled lizards
  A kobold (D:1)
  5 rats
64 creatures vanquished.

Notes
Turn   | Place    | Note
-------+----------+-------------------------------------------
     0 | D:1      | wazuzu the Demonspawn Monk began the quest for the Orb.
     0 | D:1      | Reached XP level 1. HP: 18/18 MP: 1/1
   201 | D:1      | Reached skill level 3 in Maces & Flails
   217 | D:1      | Gained mutation: You are immune to rotting. [demonic ancestry]
   217 | D:1      | Reached XP level 2. HP: 17/24 MP: 2/2
   742 | D:1      | Reached XP level 3. HP: 29/29 MP: 3/3
   905 | D:2      | Reached skill level 4 in Maces & Flails
  1806 | D:3      | Noticed Jessica
  1817 | D:3      | Killed Jessica
  1817 | D:3      | Gained mutation: You have sharp toenails. [demonic ancestry]
  1817 | D:3      | Reached XP level 4. HP: 31/35 MP: 4/4
  1845 | D:3      | Noticed Terence
  1860 | D:3      | Reached skill level 1 in Unarmed Combat
  1893 | D:3      | Killed Terence
  1893 | D:3      | Gained mutation: You regenerate a little health from kills. [demonic ancestry]
  1893 | D:3      | Reached XP level 5. HP: 22/41 MP: 5/5
  2265 | D:3      | HP: 2/41 [poisoned by an adder]
  2266 | D:3      | Killed from afar by an orc wizard

Vault maps used:
D:1:      mainiacjoe_arrival_reflecting_pool
D:2:      first_bread
D:3:      minmay_joined_circles, uniq_iyjb, uniq_jessica, uniq_terence

Skill      XL: |  1  2  3  4 |
---------------+-------------+-----
Maces & Flails | 3 4 |  4.7
Unarmed Combat | 2 |  2.7
Fighting       | |  3.0
Dodging        | |  2.6
Stealth        | |  1.7

Action                   |  1- 3 |  4- 6 || total
-------------------------+-------+-------++-------
Melee: Mace              |   175 |   106 ||   281
       Kick              |       |    29 ||    29
  Use: Potion            |       |     2 ||     2
 Stab: Sleeping          |     3 |       ||     3
  Eat: Chunk             |     2 |     1 ||     3
       Fruit             |     1 |     1 ||     2
Armor: Ring mail         |    91 |    87 ||   178
       Robe              |     3 |       ||     3
Dodge: Dodged            |   137 |   117 ||   254
